 Dungeon Crawl Stone Soup version 0.28.0 (webtiles) character file.

Game seed: 16239834940827958017

1249 boopmooplesden the Carver (level 8, -8/62 (70) HPs)
             Began as a Minotaur Fighter on Feb 14, 2022.
             Was an Initiate of Okawaru.
             Mangled by a wight (10 damage)
             ... on level 7 of the Dungeon.
             The game lasted 00:08:46 (5778 turns).

boopmooplesden the Carver (Minotaur Fighter)        Turns: 5778, Time: 00:08:47

HP:   -8/62 (70)    AC:  3    Str: 25    XL:     8   Next: 26%
MP:   7/7           EV:  9    Int:  5    God:    Okawaru [......]
Gold: 144           SH: 13    Dex: 11    Spells: 7/7 levels left

rFire   . . .      SeeInvis .   a - +1 long sword (vorpal)
rCold   . . .      Faith    .   p - +0 tower shield
rNeg    . . .      Spirit   .   j - +1 robe "Tigroixt" {+Blink rPois Str+3}
rPois   +          Reflect  .   (helmet restricted)
rElec   .          Harm     .   (no cloak)
rCorr   .          Rampage  .   (no gloves)
Will    .....                   (no boots)
Stlth   ++........              (no amulet)
HPRegen 0.20/turn               (no ring)
MPRegen 0.10/turn               (no ring)

@: weak-willed, hasted, studying Long Blades, heavily drained, very quick
A: horns 2, retaliatory headbutt
a: Renounce Religion, Evoke Blink


You were on level 7 of the Dungeon.
You worshipped Okawaru.
Okawaru was noncommittal.
You visited 2 branches of the dungeon, and saw 8 of its levels.

You collected 202 gold pieces.
You spent 58 gold pieces at shops.

Inventory:

Hand Weapons
 a - a +1 vorpal long sword (weapon)
 d - a +0 whip of electrocution
 e - a +4 short sword
 n - a +4 hand axe
Missiles
 u - 3 throwing nets (quivered)
Armour
 b - a +0 scale mail
 c - a +1 buckler
 j - the +1 robe "Tigroixt" (worn) {+Blink rPois Str+3}
   (You found it on level 3 of the Dungeon)

   Str:       It affects your strength (+3).
   rPois:     It protects you from poison.
   +Blink:    It lets you blink.
 p - a +0 tower shield (worn)
 E - the +2 ratskin cloak {*Rats rPois rN+ Str-1 Int-1 Dex+1}
   (You found it on level 7 of the Dungeon)

   When the wearer is hurt, rats may emerge from it to assist them.
   Str:       It affects your strength (-1).
   Int:       It affects your intelligence (-1).
   Dex:       It affects your dexterity (+1).
   rPois:     It protects you from poison.
   rN:        It protects you from negative energy.
Jewellery
 l - a ring of willpower
 m - an amulet of faith
 z - an amulet of reflection
 D - a ring of resist corrosion
Wands
 t - a wand of flame (20)
Scrolls
 o - a scroll of vulnerability
 r - a scroll of magic mapping
 w - a scroll of blinking
 y - a scroll of immolation
Potions
 f - a potion of degeneration
 g - a potion of mutation {unknown}
 i - a potion of lignification
 k - 2 potions of attraction
 q - a potion of cancellation
 A - a potion of flight
 B - a potion of heal wounds {unknown}


   Skills:
 + Level 6.0 Fighting
 + Level 8.3 Long Blades
 + Level 4.9 Armour
 + Level 3.5 Dodging
 + Level 1.7 Stealth
 + Level 6.5 Shields
 + Level 0.5 Evocations


You had 7 spell levels left.
You didn't know any spells.
Your spell library contained the following spells:

 Spells                   Type           Power      Damage    Failure   Level
 Dazzling Flash           Conj/Hex       0%         N/A       100%        3
 Agony                    Necr           0%         N/A       100%        5
 Silence                  Hex/Air        0%         N/A       100%        5


Dungeon Overview and Level Annotations

Branches:
Dungeon (7/15)             Temple (1/1) D:5

Altars:
Ashenzari
Cheibriados
Dithmenos
Fedhas
Gozag
Hepliaklqana
Kikubaaqudgha
Makhleb
Nemelex Xobeh
Okawaru
Ru
Sif Muna
Uskayaw
Wu Jian
Xom
The Shining One

Shops:
D:1 [!([   D:2 [

Annotations:
D:3 BeavisTheGrey's ghost, amateur TrMo
D:7 Duvessa


Innate Abilities, Weirdness & Mutations

You have a pair of horns on your head.
You reflexively headbutt those who attack you in melee.


Message History

As you read the scroll labelled UGUMOA WESCHATUA, it crumbles to dust.
Wisps of shadow whirl around you...
The shadows disperse without effect.
It was a scroll of summoning.
Your surroundings suddenly seem different.
Found a robe.
Found an ornate altar of the Wu Jian Council.
You see here a +0 robe. 2 wights come into view.
A wight is wielding a +2 great sword of freezing.
You see here an orange potion.
g - an orange potion
Okay, then.
You feel yourself speed up.
Found a stone staircase leading down.
The wight hits you with a +3 halberd!
You feel drained.
You hit the wight. Your headbutt misses the wight.
The wight is lightly damaged.
The wight closely misses you.
You hit the wight.
The wight is moderately damaged.
You block the wight's attack. x2
You hit the wight but do no damage. You headbutt the wight!
The wight is heavily damaged.
You block the wight's attack.
The wight hits you with a +2 great sword of freezing!
The wight freezes you.
You completely miss the wight. Your headbutt misses the wight.
The wight is heavily damaged.
The wight hits you with a +3 halberd!
You feel drained.
You hit the wight. Your headbutt misses the wight.
The wight is severely damaged.
You block the wight's attack.
You barely miss the wight.
You headbutt the wight, but do no damage.
The wight is severely damaged.
The wight closely misses you.
The wight hits you with a +2 great sword of freezing!!
* * * LOW HITPOINT WARNING * * *
You feel drained.
You die...

........##..#.#***,,*,*****
........#####.#....**...,,**
....###..# ##.....#*#>..,,,** ***
..#####..###......##....**,,***,*
[....###..#.............,**,,**,,
....S.................,,,,*,,,,,,
.........#..........#,*,,***,,,,*
.........##......z.###*,,***,,***
<........##.....@z...##,##*,,,*
.........##..............#,,*,***
............#............**,*,,,*
.K..........#......#....**,,,,,,,
..................##*#.#****,,,,,
K.................####.##*,,.,,,*
....##.#...........##...##...,*,*
....#,......................#**,,
.....,,#...............##########


You could see 2 wights.

Vanquished Creatures
  Pikel (D:4)
  A water moccasin (D:7)
  2 ice beasts
  An ogre (D:6)
  A phantom (D:6)
  A kobold brigand (D:7)
  A water moccasin skeleton (D:4)
  A hound (D:5)
  A bullfrog skeleton (D:5)
  2 iguanas
  A howler monkey zombie (D:7)
  3 adders
  2 white imps
  A worm (D:4)
  A dart slug (D:4)
  6 orcs
  12 ball pythons
  11 endoplasms
  5 giant cockroaches
  7 goblins
  5 hobgoblins
  4 jackals
  9 kobolds
  2 quokkas
  8 bats
  A frilled lizard (D:2)
  7 rats
97 creatures vanquished.

Vanquished Creatures (others)
  2 withered plants (D:4)
2 creatures vanquished.

Grand Total: 99 creatures vanquished

Notes
Turn   | Place    | Note
-------+----------+-------------------------------------------
     0 | D:1      | boopmooplesden the Minotaur Fighter began the quest for the
                  | Orb.
     0 | D:1      | Reached XP level 1. HP: 19/19 MP: 0/0
    74 | D:1      | Reached XP level 2. HP: 21/27 MP: 1/1
   171 | D:1      | Found Uniggueg's Armour Shop.
   328 | D:1      | Found Opaferus's Distillery.
   474 | D:1      | Found Muhug's Antique Weapon Boutique.
   559 | D:1      | Reached XP level 3. HP: 32/33 MP: 2/2
   603 | D:1      | Found Koem's Antique Armour Shop.
   796 | D:2      | Found a snail-covered altar of Cheibriados.
   812 | D:2      | Reached skill level 3 in Long Blades
   933 | D:2      | Found Bavuthre's Armour Boutique.
  1350 | D:3      | Reached skill level 1 in Dodging
  1350 | D:3      | Reached XP level 4. HP: 40/40 MP: 3/3
  1467 | D:3      | Identified the +1 robe "Tigroixt" {+Blink rPois Str+3}
  1559 | D:3      | Found a faded altar of an unknown god.
  1909 | D:1      | Bought a +0 tower shield for 58 gold pieces
  2048 | D:4      | Found a runed translucent door.
  2052 | D:4      | Noticed BeavisTheGrey's ghost (amateur TrMo)
  2262 | D:4      | Found an opulent altar of Gozag.
  2463 | D:4      | Noticed an ice beast
  2472 | D:4      | Killed an ice beast
  2473 | D:4      | Reached skill level 4 in Long Blades
  2473 | D:4      | Reached XP level 5. HP: 21/47 MP: 4/4
  2988 | D:4      | Noticed Pikel
  2988 | D:4      | Noticed a lemure
  2988 | D:4      | Noticed a lemure
  2988 | D:4      | Noticed a lemure
  2988 | D:4      | Noticed a lemure
  2996 | D:4      | Killed Pikel
  2997 | D:4      | Reached skill level 5 in Fighting
  2997 | D:4      | Reached skill level 6 in Long Blades
  2997 | D:4      | Reached skill level 1 in Stealth
  2997 | D:4      | Reached skill level 5 in Shields
  2997 | D:4      | Reached XP level 6. HP: 35/56 MP: 5/5
  2997 | D:4      | Reached XP level 7. HP: 38/61 MP: 6/6
  3635 | D:5      | Entered Level 5 of the Dungeon
  3909 | D:5      | Found a staircase to the Ecumenical Temple.
  3921 | D:5      | Reached skill level 7 in Long Blades
  3928 | Temple   | Entered the Ecumenical Temple
  4178 | Temple   | Became a worshipper of Warmaster Okawaru
  4628 | D:5      | Found a glowing golden altar of the Shining One.
  5378 | D:6      | Reached XP level 8. HP: 30/69 MP: 7/7
  5381 | D:7      | Noticed a two-headed ogre
  5382 | D:7      | Found the +2 ratskin cloak {*Rats rPois rN+ Str-1 Int-1
                  | Dex+1}
  5382 | D:7      | Noticed Duvessa
  5418 | D:7      | Reached skill level 8 in Long Blades
  5738 | D:7      | Found an ornate altar of the Wu Jian Council.
  5778 | D:7      | HP: 2/65 [wight (21)]
  5778 | D:7      | Mangled by a wight

Illustrated notes

Levels and vault maps discovered:
D:1:      dpeg_arrival_pond, layout_basic, serial_shops, shop,
          nicolae_shop_behind_doors, nicolae_shop_hallway_plus, shop_fountains,
          corexii_corridor_pit, grunt_decor_one_mirror, st_stairs_1,
          minmay_pentomino_p2
D:2:      layout_basic, basic_altar, serial_shops, shop
D:3:      layout_rooms, ebering_ecumenical_altar_hall
D:4:      layout_loops_corners, nicolae_gozag_cash_rules_everything_around_me,
          gammafunk_ghost_grave, kennysheep_path_1, uniq_pikel
D:5:      layout_loops_corners, nicolae_tso_swordbearing_angel,
          minmay_temple_entry_ruins, minmay_manual_monstrance
D:6:      wander_river, layout_basic, grunt_decor_arrowhead, uniq_eustachio,
          uniq_crazy_yiuf_cottage
D:7:      layout_cave_pools, nicolae_yredelemnul_ghost_church,
          lemuel_coloured_pillars_altar, uniq_duvessa, uniq_menkaure
Temple:   mainiacjoe_temple_coin_purse

Skill      XL: |  1  2  3  4  5  6  7  8 |
---------------+-------------------------+-----
Fighting       | 4 5 6 |  6.0
Shields        | 4 5 6 |  6.5
Armour         | 4 |  4.9
Long Blades    | 3 4 6 7 8 |  8.3
Dodging        | 1 2 3 |  3.5
Stealth        | 1 |  1.7
Evocations     | |  0.5

Action                   |  1- 3 |  4- 6 |  7- 9 || total
-------------------------+-------+-------+-------++-------
Melee: Long sword        |    73 |    69 |    77 ||   219
       Headbutt          |     8 |    12 |     9 ||    29
 Abil: Evoke Blink       |       |       |     2 ||     2
  Use: Scroll            |     5 |       |     9 ||    14
       Potion            |       |     1 |     5 ||     6
 Stab: Sleeping          |       |       |     1 ||     1
Armor: Scale mail        |    58 |    11 |       ||    69
       Robe              |       |     9 |    12 ||    21
Dodge: Dodged            |    48 |    28 |    25 ||   101
Block: Buckler           |    21 |     9 |       ||    30
       Tower shield      |       |    35 |    47 ||    82
